 Dungeon Crawl Stone Soup version 0.23-a0-207-g93a313e (webtiles) character file.

10499 mandick the Fighter (level 11, 0/124 HPs)
             Began as an Ogre Gladiator on Sept 24, 2018.
             Was a Believer of Ru.
             Slain by a hell hound (3 damage)
             ... led by Azrael
             ... on level 12 of the Dungeon.
             The game lasted 00:57:18 (11620 turns).

mandick the Fighter (Ogre Gladiator)               Turns: 11620, Time: 00:57:20

Health: 0/124      AC:  8    Str: 22    XL:     11   Next: 63%
Magic:  11/11      EV: 14    Int:  9    God:    Ru [**....]
Gold:   698        SH: 21    Dex: 11    Spells: 10/10 levels left

rFire    . . .     SeeInvis .   b - +1 war axe (freeze)
rCold    . . .     Gourm    .   w - +0 large shield
rNeg     . . .     Faith    .   l - +0 troll leather armour
rPois    .         Spirit   .   i - +2 hat
rElec    .         Reflect  +   q - +0 cloak
rCorr    +         Harm     .   (gloves unavailable)
MR       +....                  (boots unavailable)
Stlth    +.........             K - +5 amulet of reflection
HPRegen  0.70/turn              y - ring of resist corrosion
MPRegen  0.12/turn              r - +3 ring of evasion

@: no scrolls, slowed, very slow
A: large, unfitting armour, tough skin 1, inability to read while threatened, no
charms magic, no necromancy magic, no poison magic
a: Renounce Religion


You were on level 12 of the Dungeon.
You worshipped Ru.
Ru was pleased with you.
You were hungry.

You visited 2 branches of the dungeon, and saw 13 of its levels.

You collected 698 gold pieces.

Inventory:

Hand Weapons
 a - a +0 hunting sling of flaming
 b - a +1 war axe of freezing (weapon)
Missiles
 d - 2 throwing nets
 j - 474 stones
 v - 51 poisoned needles
 A - 9 tomahawks
 G - 69 sling bullets
 I - 4 needles of confusion
 Q - 5 large rocks (quivered)
Armour
 i - a +2 hat (worn)
 l - a +0 troll leather armour (worn)
 q - a +0 cloak (worn)
 w - a +0 large shield (worn)
Magical Staves
 s - an uncursed staff of fire
Jewellery
 r - a +3 ring of evasion (right hand)
 y - a ring of resist corrosion (left hand)
 K - a +5 amulet of reflection (around neck)
Wands
 g - a wand of polymorph (46)
 B - a wand of flame (13)
 E - a wand of random effects (25)
 H - a wand of paralysis (14)
 L - a wand of iceblast (12)
 P - a wand of clouds (3)
 S - a wand of scattershot (3)
 U - a wand of enslavement (10)
Scrolls
 c - a scroll of noise {unknown}
 m - 2 scrolls of teleportation
 n - 3 scrolls of enchant weapon {unknown}
 p - 4 scrolls of amnesia {unknown}
 t - 3 scrolls of remove curse
 C - 4 scrolls of magic mapping
 D - 3 scrolls of fog {unknown}
 M - 5 scrolls of enchant armour {unknown}
 R - 3 scrolls of blinking {unknown}
 V - 2 scrolls of identify
Potions
 e - 2 potions of invisibility
 h - 2 potions of magic
 o - 4 potions of ambrosia
 u - 5 potions of flight
 z - a potion of resistance
 F - a potion of curing
 J - a potion of agility {unknown}
 N - a potion of cancellation
 T - a potion of haste
Miscellaneous
 O - a sack of spiders
Comestibles
 f - 35 rations
 x - 3 chunks of flesh


   Skills:
 + Level 12.3 Fighting
 - Level 3.0 Axes
 + Level 9.7 Throwing
 + Level 8.5 Dodging
 + Level 7.6 Shields


You had 10 spell levels left.
You didn't know any spells.
Your spell library was empty.

Dungeon Overview and Level Annotations

Branches:
Dungeon (12/15)            Temple (1/1) D:6            Lair (0/6) D:9
    Orc: D:9-12

Altars:
Ashenzari
Cheibriados
Dithmenos
Elyvilon
Fedhas
Gozag
Hepliaklqana
Kikubaaqudgha
Makhleb
Nemelex Xobeh
Okawaru
Qazlal
Ru
Sif Muna
Trog
Uskayaw
Vehumet
Wu Jian
Xom
Yredelemnul
Zin
The Shining One

Shops:
D:6 *

Annotations:
D:12 Azrael


Innate Abilities, Weirdness & Mutations

You are too large for most types of armour.
You have tough skin. (AC +1)
You cannot read scrolls while threatened.
You cannot study or cast Charms magic.
You cannot study or cast Necromancy magic.
You cannot study or cast Poison magic.


Message History

* * * LOW HITPOINT WARNING * * *
You block the fire elemental's attack.
You feel better. You block the hell hound's attack. x2
You block the fire elemental's attack. You block the hell hound's attack.
The hell hound bites you.
* * * LOW HITPOINT WARNING * * *
The fire elemental hits you. The fire elemental burns you!
* * * LOW HITPOINT WARNING * * *
The fire elemental closely misses you.
You redirect the hell hound's attack!
The hell hound barely misses itself.
Aiming: Cloud Cone
Press: ? - help, Dir - move target cursor, f - fire elemental
Aim: a fire elemental You create a blast of poison gas!
You are feeling hungry.
You block the hell hound's attack. The hell hound barely misses you.
You block the fire elemental's attack. x2; The hell hound misses you.
The hell hound bites you.
You die...

################
.......§..o....#
.......§§§E....#
.......§§Eh@...#
......§§§§hE...#
.......§..R.?..#
...............#
...............#
...............#
...............#
...............#


You could see Azrael, 3 fire elementals, 2 hell hounds and an orc priest.

Vanquished Creatures
  Kirke (D:12)
  A two-headed ogre (D:10)
  Joseph (D:9)
  A centaur skeleton (D:10)
  4 hippogriffs
  A wyvern (D:8)
  A vampire (D:11)
  8 yaks
  3 hungry ghosts
  2 soldier ants (D:10)
  An orc warrior (D:10)
  An eye of draining (D:9)
  3 sky beasts
  A boggart (D:12)
  6 ogres
  2 centaurs
  3 bullfrogs
  2 scorpions
  4 killer bees
  10 wights
  3 howler monkeys (D:8)
  3 jellies
  A centaur zombie (D:5)
  5 crimson imps
  2 bullfrog zombies
  8 orc priests
  2 bullfrog skeletons
  8 orc wizards
  A quasit (D:11)
  7 hounds
  Jessica (D:2)
  Terence (D:3)
  5 iguanas
  9 worker ants
  2 hound zombies
  A worker ant zombie (D:8)
  Robin (D:2)
  6 gnolls
  5 adders
  An ooze (D:4)
  An adder zombie (D:9)
  2 worms
  2 dart slugs
  4 leopard geckos
  32 orcs
  9 bats
  A giant cockroach (D:5)
  11 hobgoblins
  12 jackals
  5 kobolds
  2 quokkas
  2 ball pythons
  3 frilled lizards
  12 goblins
  A leopard gecko skeleton (D:4)
  6 rats
  A plant (D:1)
234 creatures vanquished.

Vanquished Creatures (others)
  An ogre mage (D:12)
  Maurice (D:8)
  A yaktaur (D:12)
  3 humans (D:12)
  2 centaurs
  A wyvern skeleton (D:12)
  A crimson imp (D:12)
  A hound (D:12)
  A centaur skeleton (D:12)
12 creatures vanquished.

Grand Total: 246 creatures vanquished

Notes
Turn   | Place    | Note
-------+----------+-------------------------------------------
     0 | D:1      | mandick the Ogre Gladiator began the quest for the Orb.
     0 | D:1      | Reached XP level 1. HP: 22/22 MP: 1/1
    33 | D:1      | Reached skill level 3 in Fighting
   226 | D:1      | Reached XP level 2. HP: 24/31 MP: 2/2
   936 | D:2      | Noticed Jessica
   944 | D:2      | Killed Jessica
   944 | D:2      | Reached skill level 4 in Fighting
   944 | D:2      | Reached XP level 3. HP: 29/39 MP: 3/3
  1060 | D:2      | Noticed Robin
  1083 | D:2      | Reached XP level 4. HP: 16/49 MP: 4/4
  1418 | D:2      | Found a shadowy altar of Dithmenos.
  1883 | D:2      | Killed Robin
  2041 | D:2      | Reached skill level 5 in Fighting
  2041 | D:2      | Reached XP level 5. HP: 23/57 MP: 5/5
  2401 | D:3      | Noticed Terence
  2432 | D:3      | Killed Terence
  2825 | D:3      | Found an ancient bone altar of Kikubaaqudgha.
  3443 | D:4      | Reached XP level 6. HP: 46/67 MP: 6/6
  3544 | D:4      | Reached skill level 6 in Fighting
  4489 | D:5      | Entered Level 5 of the Dungeon
  4502 | D:5      | Found a radiant altar of Vehumet.
  4666 | D:5      | Noticed a sky beast
  4686 | D:5      | Killed a sky beast
  4686 | D:5      | Reached skill level 1 in Shields
  4686 | D:5      | Reached XP level 7. HP: 51/76 MP: 7/7
  4700 | D:5      | Reached skill level 5 in Throwing
  5238 | D:6      | Found an opulent altar of Gozag.
  5239 | D:6      | Found Gozag's Platinum Reserve.
  5305 | D:6      | Reached skill level 7 in Fighting
  5326 | D:6      | Paralysed by a wight for 2 turns
  5605 | D:6      | Found a staircase to the Ecumenical Temple.
  5610 | Temple   | Entered the Ecumenical Temple
  5714 | Temple   | Became a worshipper of Ru the Awakened
  5787 | D:6      | Reached XP level 8. HP: 86/87 MP: 8/8
  5793 | D:6      | Paralysed by a wight for 2 turns
  6519 | D:7      | Found a radiant altar of Vehumet.
  6524 | D:7      | Found a burning altar of Makhleb.
  6524 | D:7      | Found a shattered altar of Ashenzari.
  6751 | D:7      | Reached skill level 8 in Fighting
  7013 | D:7      | Reached skill level 5 in Dodging
  7360 | D:8      | Noticed a hippogriff
  7367 | D:8      | Killed a hippogriff
  7367 | D:8      | Reached XP level 9. HP: 68/97 MP: 9/9
  7417 | D:8      | Reached skill level 9 in Fighting
  7442 | D:8      | Noticed Maurice
  7548 | D:8      | Killed Maurice
  8011 | D:8      | Reached skill level 5 in Shields
  8103 | D:8      | Found a glowing golden altar of the Shining One.
  8121 | D:8      | Gained mutation: You cannot study or cast Poison magic. [Ru
                  | sacrifice]
  8121 | D:8      | Gained mutation: You cannot study or cast Necromancy magic.
                  | [Ru sacrifice]
  8121 | D:8      | Gained mutation: You cannot study or cast Charms magic. [Ru
                  | sacrifice]
  8121 | D:8      | Reached * piety under Ru
  8265 | D:9      | Found an iron altar of Okawaru.
  8276 | D:9      | Reached skill level 10 in Fighting
  8287 | D:9      | Reached XP level 10. HP: 45/110 MP: 10/10
  8642 | D:9      | Found a shadowy altar of Dithmenos.
  8894 | D:9      | Noticed Joseph
  8907 | D:9      | Killed Joseph
  9082 | D:9      | Found a staircase to the Lair.
  9257 | D:10     | Entered Level 10 of the Dungeon
  9711 | D:10     | Reached skill level 11 in Fighting
  9714 | D:10     | Noticed a two-headed ogre
  9734 | D:10     | Killed a two-headed ogre
 10287 | D:11     | Gained mutation: You cannot read scrolls while threatened.
                  | [Ru sacrifice]
 10287 | D:11     | Reached ** piety under Ru
 10327 | D:11     | Reached XP level 11. HP: 53/120 MP: 11/11
 11384 | D:12     | Noticed Kirke
 11408 | D:12     | Killed Kirke
 11408 | D:12     | Reached skill level 12 in Fighting
 11556 | D:12     | Noticed a cyclops
 11566 | D:12     | Noticed an ogre mage
 11593 | D:12     | Killed an ogre mage
 11615 | D:12     | Noticed Azrael
 11618 | D:12     | HP: 6/124 [Azrael/bolt of fire (25)]
 11619 | D:12     | HP: 2/124 [fire elemental[Azrael] (8)]
 11620 | D:12     | Slain by a hell hound

Vault maps used:
D:1:      kennysheep_arrival_forest, serial_bayou_pond_c
D:2:      grunt_dithmenos_smoke_and_mirrors, uniq_robin, uniq_jessica
D:3:      marbit_many_paths, serial_glass, glass_columns_c, glass_columns_b,
          feat_on_display, first_ration, uniq_terence
D:4:      serial_forest, infiniplex_forest_join, infiniplex_forest_clump_medium,
          infiniplex_forest_lined_room_2, infiniplex_forest_lined_2,
          infiniplex_forest_lined_2, infiniplex_forest_straight_2
D:5:      vehumet_altar_wand_db
D:6:      nicolae_gozag_zags_fifth_avenue, minmay_temple_entry_butterflies,
          solitary_fountain
D:7:      gammafunk_temple_overflow_forgotten
D:8:      tso_altar, uniq_maurice
D:9:      corexii_shack_village, okawaru_ov_weapons_minmay, dpeg_oklobed_lair,
          basic_altar, uniq_joseph
D:10:     hangedman_pestilent_swarm, minmay_misc_feat_pillars
D:12:     minmay_the_grid_net, david_orc_3, uniq_kirke, uniq_azrael
Temple:   jpeg_temple_clearing

Skill      XL: |  1  2  3  4  5  6  7  8  9 10 11 |
---------------+----------------------------------+-----
Fighting       | 3 4 5 6 7 8 10 11 12 | 12.3
Throwing       | 3 4 5 6 7 9 |  9.7
Dodging        | 3 4 5 6 7 8 |  8.5
Shields        | 1 2 4 5 6 7 |  7.6
Axes           | |  3.0

Action                   |  1- 3 |  4- 6 |  7- 9 | 10-12 || total
-------------------------+-------+-------+-------+-------++-------
Melee: War axe           |    82 |   190 |   292 |   401 ||   965
       Unarmed           |       |       |       |    16 ||    16
 Fire: Hunting sling     |       |    27 |   118 |     3 ||   148
Throw: Stone             |       |    36 |    25 |       ||    61
       Throwing net      |       |     1 |     2 |       ||     3
       Tomahawk          |       |       |     4 |       ||     4
       Large rock        |       |       |     8 |     6 ||    14
Invok: Sacrifice Arcana  |       |       |     1 |       ||     1
       Sacrifice Words   |       |       |       |     1 ||     1
Evoke: Wand              |       |       |       |     2 ||     2
  Use: Scroll            |       |     2 |     9 |     8 ||    19
       Potion            |       |       |     1 |     4 ||     5
 Stab: Sleeping          |     1 |       |       |       ||     1
       Distracted        |       |       |       |     1 ||     1
  Eat: Chunk             |     1 |    11 |    14 |    12 ||    38
       Ration            |       |       |       |     1 ||     1
Armor: Robe              |    26 |    20 |       |       ||    46
       Troll leather arm |       |    45 |    83 |   100 ||   228
Dodge: Dodged            |    42 |   135 |    92 |   132 ||   401
Block: Large shield      |       |    16 |   346 |   421 ||   783
       Reflection        |       |       |    19 |     7 ||    26
       Other             |       |       |       |     1 ||     1

Table legend:
 A = Non-vault XP
 B = Vault XP
 C = Vault XP percentage of total XP
 D = Non-vault monster count
 E = Vault monster count
 F = Vault count percentage of total count
                 A         B        C        D         E       F
            +---------+---------+-------+---------+---------+-------
      Total |   10288 |    4711 |  31.4 |     201 |      36 |  15.2
            +---------+---------+-------+---------+---------+-------
        D:1 |      30 |       5 |  14.3 |      18 |       3 |  14.3
        D:2 |      83 |      67 |  44.7 |      16 |      10 |  38.5
        D:3 |      92 |      37 |  28.7 |      15 |       2 |  11.8
        D:4 |     144 |       0 |   0.0 |      11 |       0 |   0.0
        D:5 |     437 |       2 |   0.5 |      11 |       1 |   8.3
        D:6 |     650 |       0 |   0.0 |      16 |       0 |   0.0
        D:7 |     732 |       0 |   0.0 |      27 |       0 |   0.0
        D:8 |    1744 |     445 |  20.3 |      19 |       1 |   5.0
        D:9 |    1390 |     446 |  24.3 |      17 |       6 |  26.1
       D:10 |    2083 |     296 |  12.4 |      14 |       4 |  22.2
       D:11 |    2776 |       0 |   0.0 |      36 |       0 |   0.0
       D:12 |     127 |    3413 |  96.4 |       1 |       9 |  90.0
            +---------+---------+-------+---------+---------+-------
